 Dungeon Crawl Stone Soup version 0.31-a0-1172-g9944ec47dd (webtiles) character file.

Game seed: 1838179685462288183

123 ketsa the Cudgeller (level 4, 0/34 HPs)
             Began as an Armataur Fighter on Dec 10, 2023.
             Slain by a gnoll
             ... wielding a +0 flail
              (3 damage)
             ... on level 3 of the Dungeon.
             The game lasted 00:05:12 (2182 turns).

ketsa the Cudgeller (Armataur Fighter)              Turns: 2182, Time: 00:05:12

Health: 0/34       AC:  6    Str: 23    XL:     4   Next: 79%
Magic:  4/4        EV:  7    Int:  9    God:
Gold:   126        SH:  4    Dex:  9    Spells: 3/3 levels left

rFire   . . .        a - +0 flail
rCold   . . .        c - +0 buckler
rNeg    . . .        b - +0 scale mail
rPois   .            (no helmet)
rElec   .            (no cloak)
rCorr   .            (no gloves)
SInv    .            (no barding)
Will    .....        (no amulet) Stlth
                     (no ring)
HPRegen 0.25/turn    (no ring)
MPRegen 0.09/turn

%: roll
@: no status effects
A: large, deformed body, tough skin 3, armoured tail, roll 1, long tongue
a: no special abilities


You were on level 3 of the Dungeon.
You visited 1 branch of the dungeon, and saw 3 of its levels.

You collected 126 gold pieces.

Inventory:

Hand Weapons
 a - a +0 flail (weapon)
 e - a +0 short sword of venom
Missiles
 h - 26 stones
Armour
 b - a +0 scale mail (worn)
 c - a +0 buckler (worn)
Scrolls
 d - a scroll of identify
 f - a scroll of vulnerability {unknown}
 j - 2 scrolls of teleportation {unknown}
 m - a scroll of torment {unknown}
 n - 2 scrolls of fear {unknown}
 o - a scroll of summoning {unknown}
 p - 2 scrolls of fog {unknown}
Potions
 g - a potion of brilliance {unknown}
 i - a potion of lignification
 k - a potion of attraction
 l - a potion of magic
 q - a potion of haste {unknown}


   Skills:
 - Level 2.6 Fighting
 * Level 4.6 Maces & Flails
 - Level 3.6 Armour
 - Level 3.2 Shields


You had 3 spell levels left.
You didn't know any spells.
Your spell library was empty.

Dungeon Overview and Level Annotations

Branches:
Dungeon (3/15)

Altars:
Ashenzari
The Shining One


Innate Abilities, Weirdness & Mutations

Armour fits poorly on your strangely shaped body.
You have extremely tough skin. (AC +3)
You have a long armoured tail.
You roll when moving toward enemies. (Rampage)
Your long tongue fully drains potion bottles. (2x potion effects)


Message History

Found a stone staircase leading up.
Found a stone staircase leading down.
You now have 126 gold pieces (gained 10).
d - a scroll of identify A rat comes into view.
The rat squeaks loudly.
A rat is nearby!
The rat bites you but does no damage.
You hit the rat.
You kill the rat! 3 gnolls and an endoplasm come into view.
The gnoll shouts! x3
The endoplasm quivers.
The endoplasm moves out of view.
You roll towards the endoplasm!
The endoplasm freezes you.
You are frozen.
You barely miss the endoplasm.
The endoplasm hits you but does no damage.
You hit the endoplasm but do no damage. The endoplasm freezes you.
You are frozen.
You hit the endoplasm.
You kill the endoplasm!
You hit the gnoll.
The gnoll is lightly wounded.
The gnoll hits you with a +0 flail.
You sock the gnoll!
The gnoll is almost dead.
A gnoll breaks down the door.
The gnoll hits you with a +0 flail!
An adder comes into view.
The gnoll hits you with a +0 flail.
The adder hisses angrily.
You hit the gnoll.
You kill the gnoll!
The gnoll hits you with a +0 flail!
* * * LOW HITPOINT WARNING * * *
You block the gnoll's attack. The gnoll attacks as it pursues you!
The gnoll hits you with a +0 flail.
You die...

##### .# ####### .... .#
#.....####... ..#
###............ ...####
+.............. >......
###.###.###.######...#...
... #.....###.####..<......
...###.#..g@........#.......
.......#g##......##.#.......
.......')###....###.........
.......#..###..###..........
.....S.#...######.....#.....
.......#....# #......#.#.#.
............# #......#....
#..........######.......#
#.######..###..###....###


You could see 2 gnolls.

Vanquished Creatures
  An orc wizard (D:3)
  2 adders (D:2)
  2 gnolls (D:3)
  A worm (D:2)
  A dart slug (D:1)
  3 orcs (D:3)
  6 ball pythons
  6 endoplasms
  A giant cockroach (D:1)
  4 goblins
  5 hobgoblins
  4 kobolds
  2 quokkas
  A bat (D:1)
  7 frilled lizards
  6 rats
52 creatures vanquished.

Notes
Turn   | Place    | Note
-------+----------+-------------------------------------------
     0 | D:1      | ketsa the Armataur Fighter began the quest for the Orb.
     0 | D:1      | Reached XP level 1. HP: 17/17 MP: 1/1
    21 | D:1      | Reached skill level 2 in Maces & Flails
   329 | D:1      | Reached XP level 2. HP: 23/23 MP: 2/2
   510 | D:1      | Reached skill level 3 in Maces & Flails
   799 | D:1      | Reached XP level 3. HP: 28/28 MP: 3/3
  1670 | D:2      | Reached XP level 4. HP: 34/34 MP: 4/4
  1756 | D:3      | Found a broken altar of Ashenzari.
  1761 | D:3      | Reached skill level 4 in Maces & Flails
  1794 | D:3      | HP: 1/34 [something (4)]
  1998 | D:3      | Found a glowing golden altar of the Shining One.
  2182 | D:3      | Slain by a gnoll

Illustrated notes

Levels and vault maps discovered:
D:1:      amcnicky_arrival_single_pillar, layout_basic
D:2:      layout_basic, dk_noncrumbling_4, serial_bayou_pond_d,
          minmay_diced_spiral
D:3:      layout_basic, nicolae_overflow_crystal_walls,
          nicolae_ashenzari_skybound, cheibriados_altar_1,
          mainiacjoe_overflow_swirl, hellmonk_ecumenical_altar_inner_sanctum,
          kennysheep_small_spiral, minivault_19, grunt_decor_clamped

Skill      XL: |  1  2  3  4 |
---------------+-------------+-----
Maces & Flails | 2 3 4 |  4.6
Fighting       | |  2.6
Armour         | |  3.6
Shields        | |  3.2

Action                     |  1- 3 |  4- 6 || total
---------------------------+-------+-------++-------
  Melee: Flail             |   131 |    47 ||   178
         Tailslap          |     4 |     1 ||     5
    Use: Scroll            |     4 |       ||     4
         Potion            |     1 |     1 ||     2
 Armour: Scale mail        |    93 |    49 ||   142
  Dodge: Dodged            |    40 |     3 ||    43
  Block: Buckler           |    30 |     6 ||    36

Table legend: (Time is in decaauts)
 A = Elapsed time spent in this place.
 B = Non-inter-level travel time spent in this place.
 C = Inter-level travel time spent in this place.
 D = Time resting spent in this place.
 E = Time spent auto-exploring this place.
 F = Levels seen in this place.
 G = Mean time per level.
                   A        B        C        D        E       F      G
               +--------+--------+--------+--------+--------+-----+--------+
         Total |   2227 |   2185 |     42 |    241 |   1344 |   3 |  742.3 |
       Dungeon |   2227 |   2185 |     42 |    241 |   1344 |   3 |  742.3 |
               +--------+--------+--------+--------+--------+-----+--------+

Top non-repeatable levels by time:
     D:1: 968 daAuts
     D:2: 809 daAuts
     D:3: 450 daAuts
